 Dungeon Sprint DCSS version 0.17-a0-2058-g8b0eb12 (webtiles) character file.

289 Ordine the Unseen (level 6, -6/28 HPs)
             Began as a Spriggan Enchanter on Oct 12, 2015.
             Mangled by a slime creature (16 damage)
             ... in the Dungeon (Sprint I: "Red Sonja").
             The game lasted 00:00:32 (88 turns).

Ordine the Unseen (Spriggan Enchanter)                Turns: 88, Time: 00:00:32

Health: -6/28      AC:  3    Str:  4    XL:     6   Next: 9%
Magic:  11/11      EV: 18    Int: 18    God:
Gold:   171        SH:  0    Dex: 17    Spells: 1 memorised, 9 levels left

rFire  . . .     SeeInvis +     a - +1 dagger
rCold  . . .     Clarity  .     b - +1 robe
rNeg   . . .     SustAt   .     (shield restricted)
rPois  .         Gourm    .     (helmet restricted)
rElec  .         Spirit   .     (no cloak)
rCorr  .         Warding  .     (gloves unavailable)
rMut   .         NoTele   +     (boots unavailable)
MR     +....                    (no amulet)
Stlth  ++++++++..               (no ring)
                                (no ring)

@: very quick, somewhat resistant to hostile enchantments, extraordinarily
stealthy
A: unfitting armour, see invisible, herbivore 3, speed 3, slow metabolism 2
a: no special abilities


You were in the Dungeon.
You were not hungry.

You visited 1 branch You collected 171 gold pieces.

Inventory:

Hand Weapons
 a - a +1 dagger (weapon)
Armour
 b - a +1 robe (worn)
Scrolls
 j - a scroll of blinking
Potions
 e - a potion of curing
 f - a potion of heal wounds
 g - a potion of haste
 h - 2 potions of magic
 i - a potion of might {unknown}
Books
 c - a book of Maledictions

   Spells                             Type                      Level
   a - Corona                         Hexes                        1
   b - Ensorcelled Hibernation        Hexes/Ice                    2
   c - Confuse                        Hexes                        3
   d - Tukima's Dance                 Hexes                        3
   e - Dazzling Spray                 Conjuration/Hexes            3
Comestibles
 d - a bread ration


   Skills:
 - Level 1.1 Short Blades
 - Level 3.0 Dodging
 + Level 18.3 Stealth
 - Level 2.6 Spellcasting
 - Level 3.6 Hexes


You had 9 spell levels left.
You knew the following spells:

 Your Spells              Type           Power        Failure   Level  Hunger
a - Corona                Hex            ###....      4%          1    #......


Dungeon Overview and Level Annotations

Branches:
Dungeon (1/1)

Altars:
Cheibriados
Dithmenos
Fedhas
Sif Muna
Vehumet
Jiyva


Innate Abilities, Weirdness & Mutations

You are tiny and cannot use many weapons and most armour.
You have supernaturally acute eyesight.
You are a herbivore.
You cover ground extremely quickly.
You need consume almost no food.


Message History

You kill the jelly!
Your Stealth skill increases to level 18!
You have reached level 6!
Your experience leads to an increase in your attributes!
Increase (S)trength, (I)ntelligence, or (D)exterity?
You feel clever.
Unknown command.
There is a deep blue altar of Sif Muna here.
You now have 171 gold pieces (gained 9).
i - a ruby potion
There is an open door here.
You open the door.
A slime creature comes into view.
Found four altars.
There is an open door here.
The slime creature hits you!!
Ouch! That really hurt!
You barely miss the slime creature. The slime creature hits you!
Ouch! That really hurt!
You die...

###################
#<.#.)'..#.)'..#__#
#..'..#.)'..#..'@J+
#..#####'#####'#__#
#..# #..# #.####
#..# #### ##.# #..#
#+#..+ #⌠⌠# +..._#
#### #_.#+# ##+


You could see a slime creature.

Vanquished Creatures
  Sigmund (D)
  An ogre (D)
  A jelly (D)
  Ijyb (D)
4 creatures vanquished.

Notes
Turn   | Place    | Note
--------------------------------------------------------------
     0 | D        | Ordine the Spriggan Enchanter began the quest for the Orb.
     0 | D        | Reached XP level 1. HP: 9/9 MP: 5/5
     2 | D        | Noticed Ijyb
     9 | D        | Killed Ijyb
     9 | D        | Reached skill level 10 in Stealth
     9 | D        | Reached XP level 2. HP: 13/13 MP: 6/6
    38 | D        | Noticed an ogre
    41 | D        | Killed an ogre
    41 | D        | Reached skill level 13 in Stealth
    41 | D        | Reached XP level 3. HP: 16/16 MP: 8/8
    41 | D        | Reached XP level 4. HP: 21/21 MP: 9/9
    53 | D        | Noticed Sigmund
    56 | D        | Killed Sigmund
    56 | D        | Reached skill level 17 in Stealth
    56 | D        | Reached XP level 5. HP: 24/24 MP: 10/10
    70 | D        | Found a deep blue altar of Sif Muna.
    71 | D        | Noticed a jelly
    72 | D        | Found a radiant altar of Vehumet.
    76 | D        | Killed a jelly
    76 | D        | Reached skill level 18 in Stealth
    76 | D        | Reached XP level 6. HP: 28/28 MP: 11/11
    85 | D        | Found a snail-covered altar of Cheibriados.
    85 | D        | Found a viscous altar of Jiyva.
    85 | D        | Found a shadowy altar of Dithmenos.
    85 | D        | Found a blossoming altar of Fedhas.
    85 | D        | Noticed a slime creature
    88 | D        | Mangled by a slime creature

Vault maps used:
D:        dungeon_sprint_1

Action                   |  1- 3 |  4- 6 || total
-------------------------+-------+-------++-------
Melee: Dagger            |     5 |     3 ||     8
  Use: Potion            |     1 |       ||     1
 Stab: Sleeping          |     2 |     2 ||     4
